 Dungeon Crawl Stone Soup version 0.18.1-48-g4cf74bf (webtiles) character file.

24337 Elystan the Blocker (level 13, -4/82 HPs)
             Began as a Gargoyle Monk on Sept 4, 2016.
             Was the Champion of Pakellas.
             Killed from afar by Frances (49 damage)
             ... with an iron shot
             ... on level 14 of the Dungeon.
             The game lasted 00:52:43 (16396 turns).

Elystan the Blocker (Gargoyle Monk)                Turns: 16396, Time: 00:52:44

Health: -4/82      AC: 36    Str: 25    XL:     13   Next: 12%
Magic:  15/17      EV: 12    Int: 11    God:    Pakellas [******]
Gold:   456        SH: 16    Dex: 16    Spells: 0 memorised, 12 levels left

rFire  . . .     SeeInvis +       - Unarmed
rCold  . . .     Gourm    .     P - +4 chain mail {rN+}
rNeg   + + +     Faith    .     y - +2 shield
rPois  ∞         Spirit   .     D - +1 helmet
rElec  +         Dismiss  .     I - +2 cloak
rCorr  .         Reflect  .     M - +0 pair of gloves
SustAt .         Harm     .     i - +3 pair of boots of Kleptomania {Stlth+}
MR     .....                    (no amulet)
Stlth  +.........               s - ring "Muywn" {*Contam rPois rN++ Str+4 SInv}
                                x - +5 ring of strength

@: not resistant to hostile enchantments, very unstealthy
A: negative energy resistance 1, electricity resistance, unbreathing,
petrification resistance, rot immunity, AC +9
a: Quick Charge, Device Surge, Supercharge, Renounce Religion


You were on level 14 of the Dungeon.
You worshipped Pakellas.
Pakellas was exalted by your worship.
You were not hungry.

You visited 3 branches of the dungeon, and saw 17 of its levels.
You also visited: Sewer.

You collected 1673 gold pieces.
You spent 1217 gold pieces at shops.

Inventory:

Armour
 i - the +3 pair of boots of Kleptomania (worn) {Stlth+}
   (You found it on level 11 of the Dungeon)

   It makes you more stealthy.
 y - a +2 shield (worn)
 D - a +1 helmet (worn)
 I - a +2 cloak (worn)
 M - a +0 pair of gloves (worn)
 P - a +4 chain mail of positive energy (worn)
Rods
 f - a +8 rod of inaccuracy (13/13)
   (Pakellas gifted it to you on level 12 of the Dungeon)
Jewellery
 s - the ring "Muywn" (right hand) {*Contam rPois rN++ Str+4 SInv}
   (You found it on level 10 of the Dungeon)

   [ring of poison resistance]

   It affects your strength (+4).
   It protects you from poison.
   It greatly protects you from negative energy.
   It lets you see invisible.
   It causes magical contamination when unequipped.
 x - a +5 ring of strength (left hand)
Wands
 g - a wand of confusion (10/48)
 j - a wand of disintegration (8/24)
 u - a wand of heal wounds (4/9)
 A - a wand of flame (24/48)
 B - a wand of digging (16/24)
 J - a wand of confusion (29/48)
 U - a wand of teleportation (4/9)
 V - a wand of lightning (5/15)
 Y - a wand of iceblast (11/15)
Scrolls
 c - 2 scrolls of immolation
 d - 5 scrolls of remove curse
 h - 5 scrolls of magic mapping
 l - 4 scrolls of teleportation
 t - 7 scrolls of blinking
 G - 4 scrolls of enchant weapon {unknown}
 L - a scroll of fog {unknown}
 N - a scroll of fear {unknown}
 O - 2 scrolls of enchant armour {unknown}
Potions
 a - 4 potions of heal wounds
 e - 4 potions of might
 k - 4 potions of mutation
 m - 3 potions of flight
 o - a potion of invisibility
 r - a potion of lignification
 v - 6 potions of curing
 z - a potion of cancellation
 C - 3 potions of haste
 K - 2 potions of cure mutation {unknown}
 R - a potion of agility
 S - 5 potions of magic
Books
 X - a book of Fire

   Spells                             Type                      Level
   a - Ignite Poison                  Fire/Transmutation/Poison    3
   b - Fireball                       Conjuration/Fire             5
   c - Bolt of Fire                   Conjuration/Fire             6
   d - Delayed Fireball               Conjuration/Fire             7
   e - Ring of Flames                 Charms/Fire                  7
Miscellaneous
 F - a sack of spiders {used: 6}
 Q - a disc of storms
Comestibles
 b - 11 bread rations
 n - 4 beef jerkies
 p - 9 meat rations
 q - 4 chunks of flesh
 w - 12 royal jellies
 E - 7 fruits


   Skills:
 * Level 9.9 Fighting
 * Level 9.2 Armour
 + Level 6.3 Dodging
 + Level 3.8 Stealth
 * Level 13.4 Shields
 + Level 9.4 Unarmed Combat
 * Level 6.3 Evocations


You had 12 spell levels left.
You didn't know any spells.

Dungeon Overview and Level Annotations

Branches:
Dungeon (14/15)            Temple (1/1) D:6            Lair (0/8) D:10
    Orc (2/2) D:11            Elf (0/3) Orc:2
 Vaults: D:13-14

Altars:
Ashenzari
Cheibriados
Dithmenos
Elyvilon
Fedhas
Gozag
Kikubaaqudgha
Makhleb
Nemelex Xobeh
Okawaru
Pakellas
Qazlal
Ru
Sif Muna
Trog
Vehumet
Xom
Yredelemnul
Zin
The Shining One
Beogh

Shops:
D:6 [   D:8 (!=   D:11 (   Orc:2 *:}%

Annotations:
D:10 HEYYEYAAE's ghost, novice DrIE
D:14 Frances; Nessos


Innate Abilities, Weirdness & Mutations

You are resistant to torment.
Your stone body is resilient (AC +9).
You are immune to poison.
You resist negative energy.
You are resistant to electric shocks.
You can survive without breathing.
You are immune to petrification.
You are immune to rotting.


Message History

You completely miss Frances.
Frances is severely wounded.
The sixfirhy hits your soldier ant but does no damage.
Frances hits you but does no damage.
Your soldier ant stings the soul eater but does no damage.
Your soldier ant stings Frances but does no damage.
You block the soul eater's attack.
You punch Frances!
Frances is severely wounded.
Frances mutters in a terrible tongue.
The shard of ice hits you!
Nessos laughs at nothing.
Your soldier ant closely misses the soul eater.
Your soldier ant evades a web.
Your soldier ant barely misses Frances.
Frances whispers indecipherable words.
The iron shot hits you!
Ouch! That really hurt!
You die...
Pakellas says: That's one more possible approach eliminated.

#...........#...#
#...........#...#
####....#####...#
.......#ca....#
.......#......#
#..a...#
####......#
......aa..#
......3@..#
.....^@aa.#
.....§4...#
..........#
...#......#
####......#
....%..#
........#


You could see Frances, Nessos (confused), a soul eater, a sixfirhy, 5 friendly
soldier ants and a friendly worker ant.

Vanquished Creatures
  Harold (D:11)
  The ghost of jombi the Blocker, a journeyman VSAs of Qazlal (Orc:2)
  2 centaur warriors (D:14)
  A death knight (D:12)
  A tengu warrior (D:14)
  2 hill giants
  2 griffons (D:14)
  6 orc sorcerers (Orc:2)
  3 manticores
  A cyclops (D:11)
  A gargoyle (D:10)
  An efreet (D:12)
  5 trolls
  A two-headed ogre (D:7)
  A vampire (D:10)
  2 shadows (D:12)
  A wraith (D:11)
  4 yaks (D:12)
  A wyvern (D:9)
  2 steam dragons
  2 hungry ghosts
  3 vampire mosquitoes (D:13)
  4 hippogriffs
  6 wargs (Orc:2)
  2 soldier ants
  Duvessa (D:4)
  9 orc warriors
  5 phantoms
  3 sky beasts
  A black bear (D:7)
  3 ice beasts
  An eye of draining (D:13)
  10 ogres
  2 wasps
  5 centaurs
  2 necrophages
  2 big kobolds (D:13)
  9 giant frogs
  6 scorpions
  21 killer bees
  An oklob sapling (D:6)
  14 wights
  A howler monkey (D:6)
  4 crimson imps
  3 giant frog zombies
  A giant frog skeleton (D:7)
  6 jellies
  4 hounds
  Crazy Yiuf (D:2)
  2 centaur skeletons
  10 orc priests
  Jessica (D:2)
  2 iguanas
  30 orc wizards
  7 worker ants
  4 sheep (D:11)
  3 worker ant zombies
  Robin (D:2)
  4 gnolls (D:7)
  9 adders
  A shadow imp (D:8)
  8 oozes
  An adder skeleton (D:4)
  3 worms
  A dart slug (D:2)
  15 giant geckos
  83 orcs
  12 giant cockroaches
  15 goblins
  3 hobgoblins (D:2)
  4 jackals (D:6)
  5 quokkas
  6 ball pythons
  12 bats
  9 giant newts
  20 kobolds
  10 rats
  A plant (D:6)
453 creatures vanquished.

Vanquished Creatures (collateral kills)
  Erolcha (D:12)
  A troll (D:12)
  An ogre (D:12)
  A giant frog (D:12)
4 creatures vanquished.

Grand Total: 457 creatures vanquished

Notes
Turn   | Place    | Note
--------------------------------------------------------------
     0 | D:1      | Elystan the Gargoyle Monk began the quest for the Orb.
     0 | D:1      | Reached XP level 1. HP: 14/14 MP: 1/1
   117 | D:1      | Reached XP level 2. HP: 17/19 MP: 2/2
   749 | D:2      | Noticed Jessica
   759 | D:2      | Killed Jessica
   759 | D:2      | Reached XP level 3. HP: 22/23 MP: 3/3
   769 | D:2      | Found an opulent altar of Gozag.
   862 | D:2      | Noticed Robin
   889 | D:2      | Killed Robin
   889 | D:2      | Reached XP level 4. HP: 20/28 MP: 4/4
  1183 | D:2      | Noticed Crazy Yiuf
  1195 | D:2      | Killed Crazy Yiuf
  1195 | D:2      | Reached XP level 5. HP: 9/33 MP: 5/5
  2067 | D:3      | Found a shimmering altar of Xom.
  2430 | D:4      | Noticed Duvessa
  2430 | D:4      | Noticed Dowan
  2459 | D:4      | Killed Duvessa
  2459 | D:4      | Reached skill level 1 in Armour
  2459 | D:4      | Reached skill level 5 in Unarmed Combat
  2459 | D:4      | Reached XP level 6. HP: 27/39 MP: 6/6
  2462 | D:4      | Noticed Dowan
  2462 | D:4      | Dowan changed into Dowan the scorpion
  2486 | D:3      | Killed Dowan the scorpion
  2486 | D:3      | Reached skill level 1 in Shields
  2846 | D:4      | Found a glowing drain.
  2874 | Sewer    | Entered a sewer
  3136 | Sewer    | Reached skill level 2 in Shields
  3136 | Sewer    | Reached XP level 7. HP: 30/44 MP: 7/7
  4085 | D:4      | Reached skill level 5 in Fighting
  4085 | D:4      | Reached skill level 3 in Shields
  4357 | D:5      | Entered Level 5 of the Dungeon
  4758 | D:5      | Found a white marble altar of Elyvilon.
  4765 | D:5      | Found a shadowy altar of Dithmenos.
  4824 | D:5      | Reached skill level 4 in Shields
  4824 | D:5      | Reached XP level 8. HP: 41/49 MP: 8/8
  5482 | D:5      | Reached skill level 5 in Shields
  5665 | D:6      | Found a snail-covered altar of Cheibriados.
  5750 | D:6      | Found a basalt altar of Yredelemnul.
  5797 | D:6      | Found a staircase to the Ecumenical Temple.
  5854 | Temple   | Entered the Ecumenical Temple
  5941 | Temple   | Became a worshipper of Pakellas the Inventive
  5941 | Temple   | Reached * piety under Pakellas
  5941 | Temple   | Received a gift from Pakellas
  5941 | Temple   | Reached ** piety under Pakellas
  5941 | Temple   | Received a gift from Pakellas
  5974 | D:6      | Found Zygeblui's Armour Emporium.
  5986 | D:6      | Reached skill level 1 in Evocations
  6445 | D:6      | Found a glowing silver altar of Zin.
  6446 | D:6      | Noticed an angel
  6580 | D:7      | Reached XP level 9. HP: 55/55 MP: 10/10
  6598 | D:7      | Reached skill level 6 in Shields
  6698 | D:7      | Noticed a two-headed ogre
  6732 | D:7      | Killed a two-headed ogre
  6799 | D:7      | Reached skill level 5 in Armour
  6819 | D:7      | Found a deep blue altar of Sif Muna.
  6901 | D:7      | Reached skill level 7 in Shields
  7530 | D:7      | Reached *** piety under Pakellas
  7530 | D:7      | Received a gift from Pakellas
  7818 | D:8      | Found Ribanog's Antique Weapon Emporium.
  8041 | D:8      | Reached skill level 8 in Shields
  8041 | D:8      | Reached XP level 10. HP: 52/61 MP: 12/12
  8183 | D:8      | Found Gef Car's Distillery.
  8191 | D:8      | Bought a potion of curing for 48 gold pieces
  8191 | D:8      | Bought a potion of invisibility for 128 gold pieces
  8195 | D:8      | Found Uthudul's Jewellery Emporium.
  8319 | D:8      | Found a shattered altar of Ashenzari.
  8480 | D:8      | Reached **** piety under Pakellas
  8480 | D:8      | Received a gift from Pakellas
  8822 | D:9      | Reached skill level 9 in Shields
  9191 | D:9      | Reached skill level 5 in Dodging
  9514 | D:10     | Entered Level 10 of the Dungeon
  9735 | D:10     | Noticed HEYYEYAAE's ghost (novice DrIE)
  9926 | D:10     | HP: 3/63 [HEYYEYAAE's ghost/shard of ice (23)]
 10291 | D:10     | Noticed a gargoyle
 10330 | D:10     | Killed a gargoyle
 10602 | D:10     | Got a vibrating ivory ring
 10604 | D:10     | Identified the ring "Muywn" {*Contam rPois rN++ Str+4 SInv} (You found it on level 10 of the Dungeon)
 10643 | D:10     | Reached skill level 10 in Shields
 10759 | D:10     | Reached XP level 11. HP: 56/68 MP: 6/14
 10765 | D:10     | Found a staircase to the Lair.
 11034 | D:10     | You fall through a shaft for 2 floors!
 11310 | D:12     | Noticed Erolcha
 11316 | D:12     | Paralysed by Erolcha for 3 turns
 11320 | D:12     | Killed Erolcha
 11365 | D:12     | Reached ***** piety under Pakellas
 11365 | D:12     | Received a gift from Pakellas
 11671 | D:12     | Identified a +3 rod of inaccuracy (9/9) (Pakellas gifted it to you on level 12 of the Dungeon)
 11889 | D:12     | Noticed a hill giant
 11897 | D:12     | Killed a hill giant
 11897 | D:12     | Reached skill level 11 in Shields
 12060 | D:12     | Noticed a manticore
 12077 | D:12     | Killed a manticore
 12192 | D:12     | Noticed a death knight
 12217 | D:12     | Killed a death knight
 12217 | D:12     | Reached skill level 5 in Evocations
 12295 | D:11     | Noticed a cyclops
 12331 | D:11     | Noticed Harold
 12334 | D:11     | Killed a cyclops
 12350 | D:11     | Killed Harold
 12498 | D:11     | Got a pair of smoking boots
 12509 | D:11     | Identified the +3 pair of boots of Kleptomania {Stlth+} (You found it on level 11 of the Dungeon)
 12686 | D:11     | Found Parphy's Weapon Emporium.
 12696 | D:11     | Noticed a hill giant
 12712 | D:11     | Killed a hill giant
 12741 | D:11     | Reached XP level 12. HP: 64/75 MP: 6/16
 13035 | D:11     | Found a staircase to the Orcish Mines.
 13317 | Orc:1    | Entered Level 1 of the Orcish Mines
 13566 | Orc:2    | Entered Level 2 of the Orcish Mines
 13566 | Orc:2    | Found a staircase to the Elven Halls.
 13612 | Orc:2    | Noticed jombi's ghost (journeyman VSAs)
 13636 | Orc:2    | Killed jombi's ghost
 13647 | Orc:2    | Found a burning altar of Makhleb.
 13665 | Orc:2    | Got a warped whip
 13666 | Orc:2    | Identified the cursed +2 whip of Dishonesty {slash, rPois rC+ MR+ Dex-3} (You found it on level 2 of the Orcish Mines)
 13786 | Orc:2    | Noticed a soul eater
 13834 | Orc:2    | Reached skill level 12 in Shields
 14084 | Orc:2    | Found Mutygin's Food Emporium.
 14151 | Orc:2    | Found Umoff's Gadget Boutique.
 14184 | Orc:2    | Bought a wand of heal wounds (4/9) for 624 gold pieces
 14645 | Orc:2    | Found Cuena's Book Emporium.
 14646 | Orc:2    | Found Leprytiu's General Store.
 14665 | Orc:2    | Reached ****** piety under Pakellas
 14690 | Orc:2    | Bought a +4 chain mail of positive energy for 313 gold pieces
 14690 | Orc:2    | Bought a scroll of identify for 22 gold pieces
 14690 | Orc:2    | Bought a scroll of blinking for 82 gold pieces
 14725 | Orc:2    | Found a roughly hewn altar of Beogh.
 15860 | D:14     | Reached skill level 13 in Shields
 16062 | D:14     | Noticed a centaur warrior
 16083 | D:14     | Killed a centaur warrior
 16109 | D:14     | Noticed a tengu warrior
 16119 | D:14     | Killed a tengu warrior
 16119 | D:14     | Reached XP level 13. HP: 77/81 MP: 7/17
 16368 | D:14     | Noticed Nessos
 16372 | D:14     | Noticed Frances
 16396 | D:14     | Killed from afar by Frances

Skill      XL: |  1  2  3  4  5  6  7  8  9 10 11 12 |
---------------+-------------------------------------+-----
Dodging        | 3 4 5 6 |  6.3
Stealth        | 3 |  3.8
Fighting       | 4 5 6 7 8 9 |  9.9
Armour         | 1 2 3 4 5 6 8 9 |  9.2
Unarmed Combat | 5 6 7 8 9 |  9.4
Shields        | 2 4 5 8 10 11 13 | 13.4
Evocations     | 1 2 4 5 6 |  6.3

Action                   |  1- 3 |  4- 6 |  7- 9 | 10-12 | 13-15 || total
-------------------------+-------+-------+-------+-------+-------++-------
Melee: Unarmed           |   102 |   287 |   868 |  1483 |    81 ||  2821
       Punch             |     2 |     4 |       |       |       ||     6
Invok: Quick Charge      |       |       |       |    12 |       ||    12
Evoke: Wand              |       |     3 |    11 |    44 |     1 ||    59
       Rod               |       |       |       |     6 |       ||     6
       Sack of spiders   |       |       |       |     4 |     6 ||    10
       Disc of storms    |       |       |       |     2 |       ||     2
  Use: Scroll            |       |     2 |     9 |    16 |       ||    27
       Potion            |       |       |     1 |       |       ||     1
 Stab: Sleeping          |     6 |     2 |       |     2 |       ||    10
       Confused          |       |       |     1 |       |       ||     1
       Distracted        |       |       |       |     1 |       ||     1
  Eat: Chunk             |       |     7 |    20 |    24 |     1 ||    52
       Pizza             |       |       |       |     4 |       ||     4
       Beef jerky        |       |       |       |     1 |       ||     1
Armor: Robe              |    40 |    21 |       |       |       ||    61
       Chain mail        |       |   115 |   323 |   318 |    51 ||   807
       Scale mail        |       |       |       |   190 |       ||   190
Dodge: Dodged            |    70 |    88 |   143 |   441 |    35 ||   777
Block: Shield            |       |    91 |   419 |  1095 |    56 ||  1661
